 Dungeon Crawl Stone Soup version 0.24.1-8-ga250c9d538 (webtiles) character file.

Game seed: 1534127184348236480, levelgen mode: deterministic

567 lepoulpe303 the Ruffian (level 7, 0/68 HPs)
             Began as a Troll Monk on Apr 29, 2020.
             Succumbed to a worker ant's poison
             ... on level 3 of the Dungeon.
             The game lasted 00:07:03 (2228 turns).

lepoulpe303 the Ruffian (Troll Monk)                Turns: 2228, Time: 00:07:04

Health: 0/68       AC:  7    Str: 19 (21) XL:     7   Next: 11%
Magic:  6/6        EV: 11    Int:  9 (11) God:
Gold:   93         SH:  0    Dex: 10 (13) Spells: 6/6 levels left

rFire    . . .     SeeInvis .     - Unarmed
rCold    . . .     Gourm    +   (no shield)
rNeg     . . .     Faith    .   a - +0 robe
rPois    .         Spirit   .   (helmet restricted)
rElec    .         Reflect  .   t - +0 cloak
rCorr    .         Harm     .   (gloves unavailable)
MR       .....                  (boots unavailable)
Stlth    +.........             (no amulet)
HPRegen  0.61/turn              (no ring)
MPRegen  0.10/turn              (no ring)

@: brilliant, lethally poisoned (0 -> -8), flying
A: large, unfitting armour, claws 3, fast metabolism 3, gourmand, regeneration
1, shaggy fur 1, tough skin 3
a: no special abilities


You were on level 3 of the Dungeon.
You were completely stuffed.

You visited 1 branch of the dungeon, and saw 4 of its levels.

You collected 93 gold pieces.

Inventory:

Missiles
 u - 10 poisoned darts (quivered)
Armour
 a - a +0 robe (worn)
 t - a +0 cloak (worn)
Scrolls
 b - a scroll of random uselessness {unknown}
 f - 3 scrolls of identify {unknown}
 g - 2 scrolls of fear {unknown}
 j - a scroll of enchant armour {unknown}
 k - 2 scrolls of amnesia {unknown}
 n - 2 scrolls of remove curse {unknown}
 r - 4 scrolls of fog {unknown}
 s - a scroll of teleportation {unknown}
Potions
 c - a potion of curing {unknown}
 d - a potion of degeneration {!q}
 h - a potion of agility {unknown}
 i - a potion of cancellation {unknown}
 l - a potion of flight
 o - a potion of might {unknown}
 p - a potion of brilliance
 q - a potion of lignification {unknown}
Comestibles
 e - 9 rations
 m - 12 chunks of flesh


   Skills:
 + Level 3.9 Fighting
 + Level 3.1 Throwing
 + Level 4.0 Dodging
 - Level 1.0 Stealth
 + Level 4.8 Unarmed Combat


You had 6 spell levels left.
You didn't know any spells.
Your spell library was empty.

Dungeon Overview and Level Annotations

Branches:
Dungeon (4/15)
 Temple: D:4-7

Altars:


Innate Abilities, Weirdness & Mutations

You are too large for most types of armour.
You have claws for hands.
Your metabolism is lightning-fast.
You like to eat raw meat.
Your natural rate of healing is unusually fast.
You are covered in fur. (AC +1)
You have extremely tough skin. (AC +3)


Message History

You take 1 damage, and have 4/68 hp.
* * * LOW HITPOINT WARNING * * *
You feel sick.
You take 1 damage, and have 3/68 hp.
It was a potion of brilliance.
You feel clever all of a sudden.
* * * LOW HITPOINT WARNING * * *
You feel sick.
You take 2 damage, and have 1/68 hp.
It was a potion of degeneration.
There was something very wrong with that liquid.
You feel weakened.
You feel dopey.
You feel clumsy.
* * * LOW HITPOINT WARNING * * *
You feel sick.
It was a potion of flight.
You feel very buoyant.
You fly up into the air.
You die...

.........# ####..# #.[....#
.........# ##....## #.###.##
.........# #..#### #.###.#
.........# #.## ####.##..#
###.####.# #.# ###.......## ##.#
#.###.# #...##..### #..# #..##.#
##.#####.# ### #.## #..#..# #>)#
#.#######.. #.#
##<..####@######.........# #.#
#.#..............######## #.#
#.#......#######.# #.#
#...##...)..# #.##
#.######...###.###.####..###
#.##.......##..............##
##.##....##....#####.####....####
#..##...##..#.....##.## ###......
........#...#.....##..## ##.....


There were no monsters in sight!

Levels and vault maps discovered:
D:1:      evilmike_arrival_crescent, layout_loops_cross
D:2:      layout_rooms, minmay_stone_trees_small
D:3:      layout_rooms, goddamned_bats, uniq_terence
D:4:      layout_cave_pools, kennysheep_slug_shrine, first_ration, uniq_natasha,
          uniq_duvessa

Notes
Turn   | Place    | Note
-------+----------+-------------------------------------------
     0 | D:1      | lepoulpe303 the Troll Monk began the quest for the Orb.
     0 | D:1      | Reached XP level 1. HP: 22/22 MP: 0/0
    12 | D:1      | Identified a +0 dagger
    28 | D:1      | Identified a +0 whip
    33 | D:1      | Identified a +0 short sword
    98 | D:1      | Identified a +0 club
   129 | D:1      | Identified a +0 dagger
   141 | D:1      | Identified a +0 club
   143 | D:1      | Identified a +0 club
   147 | D:1      | Reached XP level 2. HP: 29/29 MP: 1/1
   206 | D:1      | Identified a +0 club
   494 | D:1      | Reached skill level 1 in Throwing
   708 | D:2      | Reached XP level 3. HP: 36/36 MP: 2/2
   827 | D:2      | Identified a +0 halberd
   830 | D:2      | Identified a +0 club
   830 | D:2      | Identified a +0 spear
   907 | D:2      | Identified a +0 dagger
   907 | D:2      | Identified a +0 hunting sling
   951 | D:2      | Reached skill level 3 in Dodging
   951 | D:2      | Reached XP level 4. HP: 22/44 MP: 3/3
  1030 | D:2      | Reached skill level 3 in Fighting
  1389 | D:3      | Identified a +0 dagger
  1442 | D:3      | Identified a +0 leather armour
  1460 | D:3      | Identified a +0 club
  1527 | D:3      | Identified a +0 mace
  1527 | D:3      | Identified a +0 chain mail
  1527 | D:3      | Noticed Terence
  1553 | D:3      | Identified a +0 dagger
  1563 | D:3      | Reached XP level 5. HP: 51/53 MP: 4/4
  1600 | D:3      | Identified a +0 club
  1650 | D:3      | Reached skill level 2 in Throwing
  1653 | D:3      | Reached skill level 4 in Unarmed Combat
  1732 | D:3      | Identified a +0 hunting sling
  1736 | D:3      | Reached XP level 6. HP: 57/61 MP: 5/5
  1937 | D:3      | Identified a +0 club
  1959 | D:3      | Killed Terence
  2085 | D:4      | Identified a +0 cloak (You found it on level 4 of the
                  | Dungeon)
  2120 | D:4      | Identified a +0 giant club
  2147 | D:4      | Identified a +0 mace
  2147 | D:4      | Identified a +0 leather armour
  2148 | D:4      | Identified a +0 dagger
  2148 | D:4      | Identified a +0 leather armour
  2152 | D:4      | Identified a +0 falchion
  2188 | D:4      | Identified a +0 dagger
  2188 | D:4      | Identified a +0 robe
  2190 | D:4      | Identified a +0 dagger
  2190 | D:4      | Identified a +0 robe
  2190 | D:4      | Identified a +0 dagger
  2190 | D:4      | Identified a +0 leather armour
  2205 | D:4      | Reached skill level 3 in Throwing
  2208 | D:4      | Reached skill level 4 in Dodging
  2208 | D:4      | Reached XP level 7. HP: 48/68 MP: 6/6
  2210 | D:4      | Identified a +0 short sword
  2210 | D:4      | Identified a +0 falchion
  2220 | D:3      | HP: 11/68 [worker ant (7)]
  2223 | D:3      | HP: 5/68 [poisoned by a worker ant]
  2226 | D:3      | Identified 2 potions of brilliance
  2226 | D:3      | HP: 1/68 [poisoned by a worker ant]
  2227 | D:3      | Identified 2 potions of degeneration
  2228 | D:3      | Identified 2 potions of flight
  2228 | D:3      | Succumbed to a worker ant's poison

Table legend:
 A = Turns spent in this place as a percentage of turns spent in the entire game.
 B = Non-inter-level travel turns spent in this place as a percentage of non-inter-level travel turns spent in the entire game.
 C = Inter-level travel turns spent in this place as a percentage of turns spent in this place.
 D = Turns resting spent in this place as a percentage of non-inter-level travel turns spent in this place.
 E = Turns spent auto-exploring this place as a percentage of non-inter-level travel turns spent in this place.
 F = Non-inter-level travel turns spent in this place divided by the number of levels of this place that you've seen.
                   A       B       C       D       E      F
               +-------+-------+-------+-------+-------+----------------------
         Total | 100.0 | 100.0 |   4.2 |  12.2 |  58.0 | 533.5
       Dungeon | 100.0 | 100.0 |   4.2 |  12.2 |  58.0 | 533.5
               +-------+-------+-------+-------+-------+----------------------

Table legend:
 A = Kills in this place as a percentage of kills in entire the game.
 B = Kills by you in this place as a percentage of kills by you in the entire game.
 C = Kills by friends in this place as a percentage of kills by friends in the entire game.
 D = Other kills in this place as a percentage of other kills in the entire game.
 E = Experience gained in this place as a percentage of experience gained in the entire game.
 F = Experience gained in this place divided by the number of levels of this place that you have seen.
                   A       B       C       D       E      F
               +-------+-------+-------+-------+-------+----------------------
         Total | 100.0 | 100.0 |   N/A |   N/A | 100.0 | 202.8
       Dungeon | 100.0 | 100.0 |   N/A |   N/A | 100.0 | 202.8
               +-------+-------+-------+-------+-------+----------------------

Skill      XL: |  1  2  3  4  5  6 |
---------------+-------------------+-----
Throwing       | 1 2 3 |  3.1
Dodging        | 3 4 |  4.0
Fighting       | 3 |  3.9
Unarmed Combat | 4 |  4.8
Stealth        | |  1.0

Action                   |  1- 3 |  4- 6 |  7- 9 || total
-------------------------+-------+-------+-------++-------
Melee: Unarmed           |    88 |   178 |    14 ||   280
       Punch             |     2 |     1 |       ||     3
Throw: Dart              |       |     2 |       ||     2
  Use: Potion            |       |       |     3 ||     3
 Stab: Sleeping          |     4 |     3 |       ||     7
  Eat: Chunk             |    14 |    12 |       ||    26
Armor: Robe              |    27 |   105 |     6 ||   138
Dodge: Dodged            |    42 |   164 |    14 ||   220

Vanquished Creatures
  An ogre (D:4)
  A vampire bat (D:3)
  A hound (D:4)
  2 orc wizards (D:4)
  A centaur skeleton (D:4)
  Terence (D:3)
  2 worker ants
  A hound skeleton (D:2)
  4 gnolls
  4 adders
  2 worms
  3 dart slugs
  3 fire bats (D:3)
  A leopard gecko (D:3)
  4 orcs
  2 spectral bats (D:3)
  3 bat skeletons (D:3)
  A bat zombie (D:3)
  6 giant cockroaches
  11 goblins
  7 hobgoblins
  6 kobolds
  2 quokkas (D:3)
  16 bats
  A bat simulacrum (D:3)
  4 frilled lizards
  A quokka skeleton (D:4)
  11 rats
102 creatures vanquished.
